 Dungeon Sprint DCSS version 0.20.1-1-g8b1a95d (webtiles) character file.

62052 potatolord6000 the Apostle (level 15, -14/158 HPs)
             Began as a Hill Orc Monk on Aug 31, 2017.
             Was a High Priest of Beogh.
             Killed from afar by a frost giant (18 damage)
             ... with a bolt of cold
             ... in the Dungeon (Sprint VII: "The Pits").
             The game lasted 00:30:00 (4326 turns).

potatolord6000 the Apostle (Hill Orc Monk)          Turns: 4326, Time: 00:30:00

Health: -14/158    AC: 21    Str: 21    XL:     15   Next: 5%
Magic:  25/30      EV: 23    Int: 10    God:    Beogh [*****.]
Gold:   33         SH:  0    Dex: 13    Spells: 14/14 levels left

rFire    + . .     SeeInvis +   y - +10 zealot's sword {holy, *Rage rN+ EV+3}
rCold    + . .     Gourm    .   (no shield)
rNeg     + . .     Faith    .   s - +5 ring mail
rPois    .         Spirit   .   p - +0 helmet
rElec    .         Reflect  .   t - +0 cloak
rCorr    +         Harm     .   (no gloves)
MR       ++...     Rnd*Rage +   (no boots) Stlth +.........NoTele +
                                (no amulet)
Regen    0.4/turn               b - +3 ring of protection
MPRegen  0.3/turn               j - ring of the Villain {rCorr rC+ MR+ SInv}

@: berserk cooldown, very slightly contaminated, slowed, very slow
A: walk on water, fire resistance 1
a: Smiting, Recall Orcish Followers, Give Item to Named Follower, Renounce
Religion


You were in the Dungeon.
You worshipped Beogh.
Beogh was extremely pleased with you.
You were completely stuffed.

You visited 1 branch You collected 33 gold pieces.

Inventory:

Hand Weapons
 r - the +2 scimitar "Ogreslayer" {freeze, *Corrode rPois rC++ Str+4}
   (You found it in the Dungeon)

   It has been specially enchanted to freeze those struck by it, causing extra
   injury to most foes and up to half again as much damage against particularly
   susceptible opponents.
   It can also slow down cold-blooded creatures.
   It affects your strength (+4).
   It greatly protects you from cold.
   It protects you from poison.
   It may corrode you when you take damage.
 y - the +10 zealot's sword (weapon) {holy, *Rage rN+ EV+3}
   (You found it in the Dungeon)

   It has been blessed by the Shining One to cause great damage to the undead
   and demons.
   It affects your evasion (+3).
   It protects you from negative energy.
   It may make you go berserk in combat.
Armour
 p - a +0 helmet (worn)
 s - a +5 ring mail (worn)
 t - a +0 cloak (worn)
Jewellery
 b - a +3 ring of protection (left hand)
 j - the ring of the Villain (right hand) {rCorr rC+ MR+ SInv}
   (You found it in the Dungeon)

   [ring of resist corrosion]

   It protects you from cold.
   It affects your resistance to hostile enchantments.
   It lets you see invisible.
 q - a +3 ring of strength
 v - the ring "Ezanlaiquc" {rPois Str+5}
   (You found it in the Dungeon)

   [ring of strength]

   It affects your strength (+5).
   It protects you from poison.
Scrolls
 k - 5 scrolls of remove curse
 l - 5 scrolls of amnesia
 u - a scroll of recharging
Potions
 a - a potion of invisibility
 d - a potion of curing
 f - a potion of might
 h - 3 potions of berserk rage
Comestibles
 c - 12 bread rations
 n - 40 fruits
 o - 5 meat rations


   Skills:
 + Level 21.2 Fighting
 + Level 19.8 Long Blades
 + Level 19.7 Armour
 + Level 15.7 Dodging
 - Level 1.5 Stealth
 + Level 22.5 Invocations


You had 14 spell levels left.
You didn't know any spells.

Dungeon Overview and Level Annotations

Branches:
Dungeon (1/1)

Altars:
Ashenzari
Cheibriados
Dithmenos
Elyvilon
Fedhas
Gozag
Hepliaklqana
Kikubaaqudgha
Makhleb
Nemelex Xobeh
Okawaru
Qazlal
Ru
Sif Muna
Trog
Uskayaw
Vehumet
Xom
Yredelemnul
Zin
The Shining One
Beogh
Jiyva
Lugonu


Innate Abilities, Weirdness & Mutations

You can walk on water.
Your flesh is heat resistant. (rF+)


Message History

Blodwig unwields a +0 arbalest.
Blodwig wields a +5 mace of protection.
Blodwig hits something with a +5 mace of protection!!
Aiming: Smiting
Press: ? - help, Dir - move target cursor, f/p - deep elf sorcerer Smite: a deep elf sorcerer, wielding a rapier and wearing a ring mail (severely wounded)
You smite the deep elf sorcerer!
You kill the deep elf sorcerer!
Beogh accepts your kill.
Blodwig looks more experienced.
The frost giant hits you with a battleaxe of freezing!
* * * LOW HITPOINT WARNING * * *
Blodwig unwields a +5 mace of protection.
Blodwig wields a +0 arbalest.
Blodwig shoots a bolt.
Beogh accepts your kill.
Beogh blesses Blodwig with healing.
You feel a bit more experienced.
The deep elf master archer seems to regain its courage.
The frost giant points at you and mumbles some strange words.
The bolt of cold hits you! You resist.
You die...

#####++##### ##########
#..........# #..#......
#..........# #..#....
+..#....#..##++#''#..#
+..........##........#
#..........##....†...#
########..#....#@)##..#..#..#
......)'...)......##........#
......')....)..)C(##........#
####..##..#....#.(##''#''#..#####
.#.#..##..........)'..#..#..xLC..
#.##..##..........'o..#..#....D..
)#.#..####''####''###############
#.##..####e'####'C###############
.#.#..##......##.................


You could see a frost giant, a fire giant (fleeing), a deep elf master archer
and the friendly Blodwig the orc knight.

Vanquished Creatures
  2 ancient liches (D)
  A curse toe (D)
  Jory (D)
  3 bone dragons (D)
  A hellephant (D)
  A deep elf blademaster (D)
  A death cob (D)
  A draconian knight (D)
  A deep elf sorcerer (D)
  A deep elf demonologist (D)
  A dire elephant (D)
  A black draconian (D)
  An eidolon (D)
  A mummy priest (D)
  An ogre mage (D)
  A hydra (D)
  Harold (D)
  A great orb of eyes (D)
  An ice dragon (D)
  An alligator snapping turtle (D)
  An anaconda (D)
  3 two-headed ogres (D)
  A dancing weapon (D)
  An iron elemental (D)
  A vampire mage (D)
  An orc high priest (D)
  A spriggan berserker (D)
  A shadow wraith (D)
  2 unseen horrors (D)
  A flayed ghost (D)
  A lindwurm (D)
  A wolf spider (D)
  An orc sorcerer (D)
  2 deep elf magi (D)
  A moth of wrath (D)
  A rust devil (D)
  2 elephants (D)
  A tormentor (D)
  A demonic crawler (D)
  2 rime drakes (D)
  2 efreet (D)
  A troll (D)
  A jumping spider (D)
  2 hornets (D)
  A slime creature (D)
  4 blink frogs (D)
  A snapping turtle (D)
  5 dream sheep (D)
  A flying skull (D)
  A wandering mushroom (D)
  An air elemental (D)
  2 vampires (D)
  3 spriggans (D)
  7 redbacks (D)
  A water elemental (D)
  10 yaks (D)
  A tarantella (D)
  A chaos spawn (D)
  A steam dragon (D)
  2 wargs (D)
  A soldier ant (D)
  An acid dragon (D)
  2 hell hounds (D)
  2 floating eyes (D)
  2 swamp drakes (D)
  An eye of draining (D)
  2 ogres (D)
  A wolf (D)
  A centaur (D)
  A big kobold (D)
  3 wights (D)
  An orc priest (D)
  3 orc wizards (D)
  Crazy Yiuf (D)
  An iguana (D)
  A worker ant (D)
  An adder (D)
  2 ufetubi (D)
  A worm (D)
  2 ball pythons (D)
  A bat zombie (D)
  A giant cockroach (D)
  3 jackals (D)
  A kobold (D)
  2 quokkas (D)
  A jackal zombie (D)
  A rat (D)
137 creatures vanquished.

Vanquished Creatures (collateral kills)
  A fire giant (D)
  An ophan (D)
  Erica (D)
  A deep elf mage (D)
  2 elephants (D)
  A jumping spider (D)
  An orc wizard (D)
  A dream sheep (D)
  4 blink frogs (D)
  An air elemental (D)
  A redback (D)
  A wraith (D)
  A tarantella (D)
  A neqoxec (D)
  A yak (D)
  A sky beast (D)
  An ogre (D)
  A centaur (D)
  2 wights (D)
  An orc priest (D)
  An iguana (D)
  A hell rat (D)
  A white imp (D)
28 creatures vanquished.

Vanquished Creatures (others)
  3 orc knights (D)
  3 orc wizards (D)
  4 orcs (D)
10 creatures vanquished.

Grand Total: 175 creatures vanquished

Notes
Turn   | Place    | Note
-------+----------+-------------------------------------------
     0 | D        | potatolord6000 the Hill Orc Monk began the quest for the Orb.
     0 | D        | Reached XP level 1. HP: 19/19 MP: 1/1
    19 | D        | Reached skill level 1 in Armour
    51 | D        | Found a bloodstained altar of Trog.
    51 | D        | Found a deep blue altar of Sif Muna.
    51 | D        | Found a viscous altar of Jiyva.
    51 | D        | Found a hazy altar of Hepliaklqana.
    51 | D        | Found an opulent altar of Gozag.
    52 | D        | Found a glowing golden altar of the Shining One.
    52 | D        | Found a glowing silver altar of Zin.
    52 | D        | Found a basalt altar of Yredelemnul.
    52 | D        | Found a shimmering altar of Xom.
    52 | D        | Found a sacrificial altar of Ru.
    52 | D        | Found a stormy altar of Qazlal.
    52 | D        | Found an iron altar of Okawaru.
    52 | D        | Found a sparkling altar of Nemelex Xobeh.
    52 | D        | Found a burning altar of Makhleb.
    52 | D        | Found a blossoming altar of Fedhas.
    52 | D        | Found a white marble altar of Elyvilon.
    52 | D        | Found a shadowy altar of Dithmenos.
    52 | D        | Found a snail-covered altar of Cheibriados.
    55 | D        | Found a corrupted altar of Lugonu.
    55 | D        | Found a radiant altar of Vehumet.
    55 | D        | Found a roughly hewn altar of Beogh.
    56 | D        | Found an ancient bone altar of Kikubaaqudgha.
    56 | D        | Found a hide-covered altar of Uskayaw.
    56 | D        | Found a shattered altar of Ashenzari.
    66 | D        | Became a worshipper of Beogh the Brigand
    66 | D        | Reached * piety under Beogh
    66 | D        | Reached ** piety under Beogh
   152 | D        | Noticed a worker ant
   155 | D        | Killed a worker ant
   155 | D        | Reached skill level 5 in Fighting
   155 | D        | Reached skill level 3 in Invocations
   155 | D        | Reached XP level 2. HP: 29/29 MP: 1/4
   155 | D        | Reached XP level 3. HP: 36/36 MP: 1/5
   249 | D        | Reached *** piety under Beogh
   259 | D        | Reached **** piety under Beogh
   263 | D        | Reached skill level 5 in Long Blades
   263 | D        | Reached skill level 4 in Invocations
   263 | D        | Reached XP level 4. HP: 14/44 MP: 5/7
   504 | D        | Noticed a flying skull
   505 | D        | Noticed a big kobold
   505 | D        | Noticed a floating eye
   507 | D        | Killed a flying skull
   507 | D        | Reached skill level 7 in Invocations
   507 | D        | Reached XP level 5. HP: 44/53 MP: 7/10
   507 | D        | Reached XP level 6. HP: 51/61 MP: 7/11
   508 | D        | Killed a floating eye
   523 | D        | Reached ***** piety under Beogh
   523 | D        | Reached skill level 5 in Dodging
   523 | D        | Reached skill level 8 in Invocations
   632 | D        | Noticed a rime drake
   634 | D        | Killed a rime drake
   634 | D        | Reached skill level 9 in Invocations
   634 | D        | Reached XP level 7. HP: 70/70 MP: 9/14
   870 | D        | Reached skill level 10 in Fighting
   870 | D        | Reached skill level 10 in Invocations
   870 | D        | Reached XP level 8. HP: 79/79 MP: 15/15
   895 | D        | Killed an unseen horror
   895 | D        | Reached skill level 10 in Long Blades
   895 | D        | Reached skill level 11 in Invocations
   932 | D        | Got the +2 scimitar "Ogreslayer" {freeze, *Corrode rPois rC++ Str+4}
  1202 | D        | Noticed Crazy Yiuf
  1202 | D        | Noticed a blink frog
  1202 | D        | Noticed a blink frog
  1202 | D        | Noticed a blink frog
  1202 | D        | Noticed a blink frog
  1203 | D        | Killed Crazy Yiuf
  1206 | D        | Killed a shadow wraith
  1206 | D        | Reached skill level 10 in Armour
  1206 | D        | Reached XP level 9. HP: 78/89 MP: 7/17
  1208 | D        | Reached skill level 12 in Invocations
  1370 | D        | Reached ****** piety under Beogh
  1370 | D        | Reached skill level 13 in Invocations
  1370 | D        | Reached XP level 10. HP: 92/99 MP: 15/19
  1373 | D        | Gained Boderik as an ally
  1655 | D        | Reached skill level 14 in Invocations
  1725 | D        | Reached XP level 11. HP: 89/108 MP: 17/21
  1893 | D        | Noticed a spriggan rider
  1894 | D        | Reached skill level 10 in Dodging
  1916 | D        | Reached skill level 15 in Invocations
  1979 | D        | Noticed a deep elf mage
  1980 | D        | Noticed a lindwurm
  1980 | D        | Noticed Erica
  1982 | D        | Killed a deep elf mage
  1984 | D        | Killed a lindwurm
  1991 | D        | Killed an unseen horror
  1998 | D        | Killed Erica
  2006 | D        | Reached skill level 15 in Fighting
  2208 | D        | Noticed a deep elf mage
  2210 | D        | Killed a deep elf mage
  2223 | D        | Reached skill level 16 in Invocations
  2392 | D        | Noticed a death cob
  2392 | D        | Noticed a deep elf mage
  2394 | D        | Killed a deep elf mage
  2394 | D        | Gained Blodwig as an ally
  2400 | D        | Killed a death cob
  2541 | D        | Reached XP level 12. HP: 110/122 MP: 24/24
  2556 | D        | Noticed an anaconda
  2571 | D        | Killed an anaconda
  2901 | D        | Noticed Harold
  2901 | D        | Noticed a great orb of eyes
  2908 | D        | Killed Harold
  2909 | D        | Killed a great orb of eyes
  2909 | D        | Reached skill level 15 in Long Blades
  3188 | D        | Noticed an alligator snapping turtle
  3188 | D        | Noticed a spriggan rider
  3188 | D        | Noticed a deep elf blademaster
  3191 | D        | Killed a deep elf blademaster
  3191 | D        | Reached skill level 15 in Armour
  3191 | D        | Reached skill level 17 in Invocations
  3202 | D        | Killed a spriggan rider
  3215 | D        | Killed an alligator snapping turtle
  3234 | D        | Got the ring of the Villain {rCorr rC+ MR+ SInv}
  3345 | D        | Noticed an orc high priest
  3346 | D        | Noticed a dire elephant
  3360 | D        | Killed an orc high priest
  3368 | D        | Killed a dire elephant
  3368 | D        | Reached skill level 18 in Invocations
  3373 | D        | Noticed a vampire mage
  3374 | D        | Noticed a two-headed ogre
  3391 | D        | Killed a two-headed ogre
  3393 | D        | Reached XP level 13. HP: 77/132 MP: 4/26
  3401 | D        | Noticed an ogre mage
  3412 | D        | Paralysed by an ogre mage for 4 turns
  3421 | D        | Killed an ogre mage
  3422 | D        | Your ally Boderik died
  3427 | D        | Noticed an eidolon
  3428 | D        | Killed an eidolon
  3435 | D        | Noticed an ice dragon
  3437 | D        | Killed an ice dragon
  3440 | D        | Got the ring "Ezanlaiquc" {rPois Str+5}
  3450 | D        | Reached skill level 19 in Invocations
  3542 | D        | Noticed a deep elf demonologist
  3544 | D        | Noticed a Hell Sentinel
  3545 | D        | Killed a deep elf demonologist
  3550 | D        | Noticed Jory
  3566 | D        | Killed Jory
  3928 | D        | Noticed a mummy priest
  3942 | D        | Killed a mummy priest
  4043 | D        | Noticed a white draconian knight
  4053 | D        | Killed a white draconian knight
  4053 | D        | Reached skill level 20 in Invocations
  4056 | D        | Gained mutation: Your flesh is heat resistant. (rF+) [a neqoxec]
  4169 | D        | Noticed a bone dragon
  4171 | D        | Noticed a bone dragon
  4171 | D        | Noticed an ophan
  4182 | D        | Killed a bone dragon
  4182 | D        | Reached XP level 14. HP: 135/146 MP: 17/28
  4186 | D        | Killed an ophan
  4192 | D        | Your ally Blodwig died
  4199 | D        | Killed a bone dragon
  4225 | D        | Noticed a hellephant
  4238 | D        | Killed a hellephant
  4241 | D        | Noticed an ancient lich
  4242 | D        | Noticed a bone dragon
  4251 | D        | Killed an ancient lich
  4251 | D        | Reached skill level 21 in Invocations
  4253 | D        | Killed a bone dragon
  4253 | D        | Reached skill level 15 in Dodging
  4260 | D        | Noticed a black draconian
  4270 | D        | Killed a black draconian
  4273 | D        | Noticed a curse toe
  4276 | D        | Noticed a shadow dragon
  4276 | D        | Noticed a Brimstone Fiend
  4277 | D        | Noticed a fire giant
  4277 | D        | Noticed a deep elf master archer
  4277 | D        | Noticed a frost giant
  4277 | D        | Noticed a fire giant
  4277 | D        | Noticed a ghost moth
  4277 | D        | Noticed an orc warlord
  4278 | D        | Noticed an ancient lich
  4278 | D        | Noticed an azure jelly
  4278 | D        | Noticed a black draconian knight
  4281 | D        | Killed a curse toe
  4285 | D        | Noticed a deep elf sorcerer
  4313 | D        | Killed an ancient lich
  4313 | D        | Reached skill level 22 in Invocations
  4313 | D        | Reached XP level 15. HP: 37/158 MP: 28/30
  4325 | D        | Killed a deep elf sorcerer
  4325 | D        | HP: 4/158 [frost giant/battleaxe of freezing (7)]
  4325 | D        | Killed a fire giant
  4326 | D        | Killed from afar by a frost giant

Skill      XL: |  1  2  3  4  5  6  7  8  9 10 11 12 13 14 |
---------------+-------------------------------------------+-----
Armour         | 3 4 6 8 10 11 12 14 15 17 19 | 19.7
Fighting       | 5 7 9 10 11 12 13 15 17 19 21 | 21.2
Long Blades    | 4 5 6 8 9 10 11 13 14 16 17 19 | 19.8
Invocations    | 3 4 7 9 10 11 13 14 16 18 20 22 | 22.5
Dodging        | 4 5 6 7 8 9 11 12 14 15 | 15.7
Stealth        | |  1.5

Action                   |  1- 3 |  4- 6 |  7- 9 | 10-12 | 13-15 || total
-------------------------+-------+-------+-------+-------+-------++-------
Melee: Falchion          |    25 |    22 |     8 |       |       ||    55
       Scimitar          |       |       |    16 |   209 |    49 ||   274
       Eudemon blade     |       |       |       |       |    81 ||    81
Invok: Smiting           |       |     3 |    14 |    38 |    34 ||    89
       Resurrection      |       |       |       |     2 |     3 ||     5
       Give Item to Name |       |       |       |     2 |       ||     2
       Recall Orcish Fol |       |       |       |       |     1 ||     1
  Use: Potion            |     1 |       |     2 |     9 |    26 ||    38
       Scroll            |       |       |       |     2 |     6 ||     8
 Stab: Sleeping          |     2 |     1 |       |       |       ||     3
       Invisible         |       |       |       |       |     2 ||     2
  Eat: Meat ration       |       |       |     2 |       |     2 ||     4
Armor: Robe              |     3 |       |       |       |       ||     3
       Ring mail         |       |    11 |    13 |    82 |    55 ||   161
Dodge: Dodged            |    19 |    46 |    15 |   201 |   127 ||   408
       Rpst.: Falchion   |     6 |     6 |     1 |       |       ||    13
       Scimitar          |       |       |     1 |    47 |    11 ||    59
       Eudemon blade     |       |       |       |       |    19 ||    19
